 Dungeon Crawl Stone Soup version 0.28.0-49-g6dfe1f597d (webtiles) character file.

Game seed: 10618554037762828951

1069 Exodus22XD the Poker (level 8, 0/60 HPs)
             Began as a Demonspawn Gladiator on May 15, 2022.
             Was a Follower of Uskayaw.
             Slain by a centaur warrior zombie (2 damage)
             ... on level 6 of the Dungeon.
             The game lasted 00:06:36 (4172 turns).

Exodus22XD the Poker (Demonspawn Gladiator)         Turns: 4172, Time: 00:06:36

Health: 0/60       AC:  6    Str: 17    XL:     8   Next: 7%
Magic:  1/11       EV: 12    Int:  9    God:    Uskayaw [*.....]
Gold:   277        SH:  5    Dex: 15    Spells: 7/7 levels left

rFire   + . .      SeeInvis .   k - +2 demon trident (vamp)
rCold   + + .      Faith    .   (no shield)
rNeg    . . .      Spirit   .   l - +0 ring mail
rPois   +          Reflect  +   c - +0 helmet
rElec   +          Harm     .   (no cloak)
rCorr   +          Rampage  .   (no gloves)
Will    .....                   (no boots)
Stlth   +.........              h - amulet of reflection
HPRegen 0.20/turn               m - ring of protection from cold
MPRegen 0.12/turn               (no ring)

@: brilliant, resistant
A: ignite blood 2, demonic touch 2
a: Renounce Religion, Stomp


You were on level 6 of the Dungeon.
You worshipped Uskayaw.
Uskayaw was noncommittal.
You visited 1 branch of the dungeon, and saw 6 of its levels.

You collected 277 gold pieces.

Inventory:

Hand Weapons
 k - a +2 vampiric demon trident (weapon)
Missiles
 d - 3 throwing nets (quivered)
Armour
 b - a +0 leather armour
 c - a +0 helmet (worn)
 l - a +0 ring mail (worn)
Jewellery
 h - an amulet of reflection (around neck)
 m - a ring of protection from cold (left hand)
Wands
 a - a wand of polymorph (7)
 o - a wand of flame (16)
Scrolls
 f - 2 scrolls of amnesia
 j - 2 scrolls of identify {unknown}
Potions
 e - a potion of curing {unknown}
 n - a potion of attraction {unknown}


   Skills:
 + Level 3.6 Fighting
 + Level 6.1 Polearms
 + Level 1.8 Throwing
 + Level 3.4 Armour
 + Level 3.7 Dodging
 + Level 1.1 Stealth
 + Level 1.5 Shields
 * Level 4.0 Invocations


You had 7 spell levels left.
You didn't know any spells.
Your spell library contained the following spells:

 Spells                   Type           Power      Damage    Failure   Level
 Conjure Flame            Conj/Fire      0%         6-21      91%         3
 Ignite Poison            Fire/Tmut/Pois 0%         N/A       91%         3
 Sticky Flame             Conj/Fire      0%         2d3       100%        4
 Fireball                 Conj/Fire      0%         3d3       100%        5
 Iskenderun's Battlesphe  Conj           0%         2d6       100%        5
 Conjure Ball Lightning   Conj/Air       0%         3x3d6     100%        6
 Orb of Destruction       Conj           0%         9d5       100%        7


Dungeon Overview and Level Annotations

Branches:
Dungeon (6/15)             Temple (0/1) D:5

Altars:
Sif Muna
Uskayaw


Innate Abilities, Weirdness & Mutations

Your demonic aura often causes spilled blood to erupt in flames.
Your touch may inflict irresistible damage on your foes.


Message History

* * * LOW HITPOINT WARNING * * *
The centaur warrior zombie kicks you.
* * * LOW HITPOINT WARNING * * *
The centaur warrior zombie hits you!
* * * LOW HITPOINT WARNING * * *
The centaur warrior zombie kicks you.
* * * LOW HITPOINT WARNING * * *
Okay, then.
Okay, then.
Okay, then.
Aiming: Line Pass
Press: ? - help, Dir - move target The centaur warrior zombie appears confused.
The centaur warrior zombie seems less confused.
The centaur warrior zombie misses you.
You block the centaur warrior zombie's attack.
Okay, then.
Okay, then.
Okay, then.
Okay, then.
Aiming: Line Pass
Press: ? - help, Dir - move target The centaur warrior zombie appears confused.
You can no longer pass through a line of other dancers.
Reach: k) +2 demon trident (vamp)
Press: ? - help, Dir - move target, f - centaur warrior zombie
Aim: a centaur warrior zombie (heavily damaged, confused, about 6% to evade your +2 vampiric demon trident)
You reach to attack!
You hit the centaur warrior zombie.
The centaur warrior zombie is heavily damaged.
The centaur warrior zombie seems less confused.
Okay, then.
It was a potion of brilliance.
You feel clever all of a sudden. The centaur warrior zombie misses you.
The centaur warrior zombie kicks you but does no damage.
It was a potion of resistance.
You feel protected.
The centaur warrior zombie closely misses you.
The centaur warrior zombie kicks you.
You die...

...# ... ..# ..
..# # .. ..# #.
#. #.#
###.##.##.###.#
..............#
#......<#
#....@..#
###....Z..#
..........#
###.......#
#.......#
#....>..#
###...### #...#
#...#


You could see a centaur warrior zombie.

Vanquished Creatures
  Pikel (D:5)
  Eustachio (D:4)
  An orc warrior (D:5)
  A lemure (D:5)
  A jelly (D:5)
  A hound (D:5)
  A bullfrog skeleton (D:4)
  Ijyb (D:3)
  4 orc wizards (D:5)
  A killer bee zombie (D:5)
  A hound zombie (D:5)
  3 adders
  An ufetubus (D:4)
  5 worms
  11 dart slugs
  5 orcs
  7 endoplasms
  6 giant cockroaches
  3 hobgoblins
  4 jackals (D:1)
  9 kobolds
  8 quokkas
  5 ball pythons
  2 bats
  3 frilled lizards
  2 goblins
  3 rats
91 creatures vanquished.

Notes
Turn   | Place    | Note
-------+----------+-------------------------------------------
     0 | D:1      | Exodus22XD the Demonspawn Gladiator began the quest for the
                  | Orb.
     0 | D:1      | Reached XP level 1. HP: 16/16 MP: 1/1
   215 | D:1      | Gained mutation: Your touch may inflict minor irresistible
                  | damage on your foes. [demonic ancestry]
   215 | D:1      | Reached XP level 2. HP: 6/22 MP: 2/2
   543 | D:1      | Reached skill level 3 in Polearms
   958 | D:1      | Found a faded altar of an unknown god.
  1295 | D:2      | Gained mutation: Your demonic aura sometimes causes spilled
                  | blood to erupt in flames. [demonic ancestry]
  1295 | D:2      | Reached XP level 3. HP: 23/27 MP: 3/3
  1564 | D:2      | Reached skill level 1 in Armour
  1931 | D:3      | Reached XP level 4. HP: 28/33 MP: 4/4
  2348 | D:3      | Noticed Ijyb
  2352 | D:3      | Killed Ijyb
  2353 | D:3      | Reached skill level 4 in Polearms
  2726 | D:4      | Gained mutation: Your touch may inflict irresistible damage
                  | on your foes. [demonic ancestry]
  2726 | D:4      | Reached XP level 5. HP: 27/39 MP: 5/5
  2993 | D:4      | Noticed Eustachio
  3462 | D:4      | Killed Eustachio
  3463 | D:4      | Reached skill level 1 in Shields
  3463 | D:4      | Gained mutation: Your demonic aura often causes spilled
                  | blood to erupt in flames. [demonic ancestry]
  3463 | D:4      | Reached XP level 6. HP: 46/46 MP: 6/6
  3805 | D:4      | Found a hide-covered altar of Uskayaw.
  3811 | D:4      | Became a worshipper of Uskayaw the Reveller
  3832 | D:4      | Found a shimmering blue altar of Sif Muna.
  3944 | D:5      | Entered Level 5 of the Dungeon
  3965 | D:5      | Reached * piety under Uskayaw
  3967 | D:5      | Reached skill level 1 in Invocations
  3970 | D:5      | Reached ** piety under Uskayaw
  4007 | D:5      | Noticed an orc warrior
  4015 | D:5      | Killed an orc warrior
  4018 | D:5      | Reached *** piety under Uskayaw
  4019 | D:5      | Reached skill level 5 in Polearms
  4019 | D:5      | Reached **** piety under Uskayaw
  4023 | D:5      | Reached XP level 7. HP: 50/51 MP: 8/8
  4065 | D:5      | Found a staircase to the Ecumenical Temple.
  4122 | D:5      | Noticed Pikel
  4160 | D:5      | Killed Pikel
  4161 | D:5      | Reached skill level 6 in Polearms
  4161 | D:5      | Reached skill level 1 in Stealth
  4161 | D:5      | Reached XP level 8. HP: 15/60 MP: 8/11
  4166 | D:6      | HP: 2/60 [centaur warrior zombie (8)]
  4172 | D:6      | Slain by a centaur warrior zombie

Illustrated notes

Levels and vault maps discovered:
D:1:      grunt_arrival_lava_bath, layout_basic,
          shapermc_ecumenical_altar_mp_ritualfount
D:2:      layout_basic
D:3:      layout_loops_ring, uniq_ijyb
D:4:      kennysheep_slugbush, layout_loops_ring, kennysheep_mini,
          lemuel_round_altar, uniq_eustachio
D:5:      layout_cave_pools, minmay_temple_entry_slanted, grunt_ministairs_13,
          minmay_misc_feat_columns, uniq_pikel
D:6:      layout_loops_cross, minmay_misc_feat_chi

Skill      XL: |  1  2  3  4  5  6  7 |
---------------+----------------------+-----
Polearms       | 3 4 5 6 |  6.1
Armour         | 1 2 3 |  3.4
Dodging        | 3 |  3.7
Shields        | 1 |  1.5
Invocations    | 2 4 |  4.0
Fighting       | 3 |  3.6
Stealth        | 1 |  1.1
Throwing       | |  1.8

Action                   |  1- 3 |  4- 6 |  7- 9 || total
-------------------------+-------+-------+-------++-------
Melee: Trident           |   118 |    21 |       ||   139
       Touch             |     9 |    10 |     4 ||    23
       Punch             |     4 |     1 |       ||     5
       Demon trident     |       |   127 |    35 ||   162
Invok: Line Pass         |       |       |     2 ||     2
  Use: Scroll            |       |     1 |       ||     1
       Potion            |       |       |     2 ||     2
 Stab: Sleeping          |       |     1 |       ||     1
       Paralysed         |       |     1 |     1 ||     2
Armor: Leather armour    |    19 |     4 |       ||    23
       Ring mail         |       |    32 |    16 ||    48
Dodge: Dodged            |    49 |    86 |    12 ||   147
Block: Other             |     8 |    33 |     3 ||    44
       Reflection        |       |     6 |       ||     6
